 Dungeon Crawl Stone Soup version 0.24-a0-441-g27f0392e16 (webtiles) character file.

Game seed: 2148771645774455434

10475 HAL9000 the Transmogrifier (level 11, 0/84 HPs)
             Began as a Purple Draconian Transmuter on June 19, 2019.
             Was a Follower of Ru.
             Slain by an ice devil (5 damage)
             ... on level 11 of the Dungeon.
             The game lasted 00:28:01 (14112 turns).

HAL9000 the Transmogrifier (DrTm)                  Turns: 14112, Time: 00:28:02

Health: 0/84       AC: 11    Str: 13    XL:     11   Next: 36%
Magic:  15/27      EV: 13    Int: 15    God:    Ru [*.....]
Gold:   725        SH:  0    Dex: 17    Spells: 1/20 levels left

rFire    . . .     SeeInvis .     - Unarmed
rCold    . . .     Gourm    .   (shield currently unavailable)
rNeg     + . .     Faith    +   (armour unavailable)
rPois    +         Spirit   .   (helmet restricted)
rElec    .         Reflect  .   y - +2 cloak {rPois}
rCorr    .         Harm     .   (gloves currently unavailable)
MR       +....                  D - +0 pair of boots
Stlth    ++........             x - amulet "Antytan" {Faith +Inv rN+ MP+9 Dex+4}
HPRegen  0.24/turn              l - ring of poison resistance
MPRegen  0.20/turn              K - +1 ring of evasion

@: blade hands, no potions
A: breathe power, unfitting armour, cold-blooded, inability to drink while
threatened, AC +7
a: Breathe Dispelling Energy, End Transformation, Renounce Religion, Evoke
Invisibility


You were on level 11 of the Dungeon.
You worshipped Ru.
Ru was aware of your devotion.
You were not hungry.
You had blades for hands.
You visited 2 branches of the dungeon, and saw 12 of its levels.
You also visited: Ice Cave.

You collected 725 gold pieces.

Inventory:

Hand Weapons
 E - the +4 hunting sling of Internal Strife {freeze, *Slow Int+4 Dex+3}
   (You found it on level 8 of the Dungeon)

   It causes projectiles fired from it to freeze those they strike, causing
   extra injury to most foes and up to half again as much damage against
   particularly susceptible opponents.
   They can also slow down cold-blooded creatures.
   It affects your intelligence (+4).
   It affects your dexterity (+3).
   It may slow you when you take damage.
Missiles
 a - 133 arrows
 C - a throwing net (quivered)
Armour
 y - a +2 cloak of poison resistance (worn)
 D - a +0 pair of boots (worn)
Jewellery
 i - an uncursed ring of fire
 l - a ring of poison resistance (left scythe-like blade)
 v - an uncursed ring of stealth
 x - the amulet "Antytan" (around neck) {Faith +Inv rN+ MP+9 Dex+4}
   (You found it on level 4 of the Dungeon)

   [amulet of faith]

   It allows you to gain divine favour quickly.
   It affects your dexterity (+4).
   It protects you from negative energy.
   It affects your magic capacity (+9).
   It lets you turn invisible.
 J - an uncursed ring of magical power
 K - a +1 ring of evasion (right scythe-like blade)
Wands
 p - a wand of flame (25)
 z - a wand of polymorph (7)
 B - a wand of digging (4)
 G - a wand of scattershot (6)
 H - a wand of iceblast (7)
Scrolls
 f - 2 scrolls of amnesia
 h - 3 scrolls of magic mapping
 j - a scroll of fear
 n - 3 scrolls of enchant weapon
 r - 4 scrolls of teleportation
 t - a scroll of identify
 F - a scroll of blinking {unknown}
 I - a scroll of acquirement {unknown}
 L - 2 scrolls of remove curse
Potions
 b - 2 potions of berserk rage
 d - 2 potions of ambrosia
 e - 3 potions of flight
 g - 4 potions of agility
 k - 7 potions of curing
 m - 2 potions of brilliance
 o - a potion of lignification
 q - a potion of invisibility {unknown}
 s - a potion of cancellation {unknown}
 u - a potion of degeneration {unknown}
 w - 3 potions of heal wounds
 A - a potion of magic {unknown}
 N - 2 potions of mutation {unknown}
Comestibles
 c - 8 rations
 M - 4 chunks of flesh


   Skills:
 - Level 4.1 Fighting
 - Level 1.7 Dodging
 - Level 7.1 Unarmed Combat
 - Level 5.1 Spellcasting
 + Level 7.2 Hexes
 - Level 9.3 Charms
 - Level 11.6 Transmutations


You had one spell level left.
You knew the following spells:

 Your Spells              Type           Power        Failure   Level  Hunger
a - Beastly Appendage     Tmut           #####.       8%          1    None
b - Sticks to Snakes      Tmut           #####...     9%          2    ##.....
c - Spider Form           Tmut/Pois      ###.......   30%         3    ###....
d - Blade Hands           Tmut           #####.....   28%         5    ######.
e - Shroud of Golubria    Chrm/Tloc      ###...       28%         2    ##.....
f - Regeneration          Chrm/Necr      ###.......   38%         3    ###....
g - Tukima's Dance        Hex            ####....     24%         3    ###....

Your spell library contained the following spells:

 Spells                   Type           Power        Failure   Level  Hunger
 Infusion                 Chrm           ####         11%         1    None
 Corona                   Hex            ####...      14%         1    None
 Magic Dart               Conj           #...         56%         1    None
 Song of Slaying          Chrm           ####....     12%         2    ##.....
 Slow                     Hex            ####....     17%         2    ##.....
 Spectral Weapon          Hex/Chrm       ####....     19%         3    ###....
 Confuse                  Hex            ####....     24%         3    ###....
 Ensorcelled Hibernation  Hex/Ice        ##....       34%         2    ##.....
 Dazzling Spray           Conj/Hex       ##....       47%         3    ###....
 Ice Form                 Ice/Tmut       ###.....     54%         4    ####...
 Blink                    Tloc           N/A          67%         2    ##.....
 Call Imp                 Summ           #.......     67%         2    ##.....
 Conjure Flame            Conj/Fire      #.......     83%         3    ###....
 Mephitic Cloud           Conj/Pois/Air  #.......     83%         3    ###....


Dungeon Overview and Level Annotations

Branches:
Dungeon (11/15)            Temple (1/1) D:6
   Lair: D:8-11         Orc: D:9-12

Altars:
Ashenzari
Cheibriados
Dithmenos
Elyvilon
Fedhas
Gozag
Hepliaklqana
Kikubaaqudgha
Makhleb
Nemelex Xobeh
Okawaru
Qazlal
Ru
Sif Muna
Trog
Uskayaw
Vehumet
Wu Jian
Xom
Yredelemnul
Zin
The Shining One

Annotations:
D:11 3 runed translucent doors, HAL9000's ghost, journeyman VSAs


Innate Abilities, Weirdness & Mutations

You can breathe bolts of dispelling energy.
Your rich purple scales are hard. (AC +7)
You cannot fit into any form of body armour.
You are cold-blooded and may be slowed by cold attacks.
You cannot drink potions while threatened.


Message History

Level annotation: 3 runed translucent doors, HAL9000's ghost, journeyman VSAs
There is a collapsed entrance here.
You hit the ice devil.
The ice devil is almost dead.
The ice devil hits you but does no damage.
Unknown command.
As you read the scroll of fear, it crumbles to dust.
You assume a fearsome visage.
The ice devil is unaffected. x2
You redirect the ice devil's attack!
The ice devil hits the ice devil but does no damage.
The ice devil misses you.
Unknown command.
Unknown command.
Okay, then.
You catch the helpless ice devil completely off-guard!
You slash the ice devil!
You kill the ice devil!
Your Hexes skill increases to level 7!
The ice devil hits you.
You die...

)..... #........#
...... #........#
...... #.....≈..##
...^.. #...≈#....
...... #..≈#≈..#
####...... #.#≈...#
###...#+##+# #≈....4#≈
##<÷.#.#.##.# #.....@#
.###÷.#...##^.
#.÷#####≈.........###.#
##..≈≈≈≈≈###..###......
##........#....#.##+++
##...#.##.#.#...##KKWK
##....#.##.#....##KK#K#
#..#....##.....###8.#K#
#..#..####.....###P.#K#
#.##.....#.###...##....


You could see an ice devil.

Vanquished Creatures
  A two-headed ogre (D:9)
  An ugly thing (D:8)
  2 centaur zombies
  Psyche (D:8)
  Maurice (D:10)
  2 rime drakes (D:11)
  An ice devil (D:11)
  A troll (D:10)
  A meliai zombie (D:9)
  A hippogriff (D:9)
  2 wyverns
  6 yaks (D:9)
  Sigmund (D:4)
  A hungry ghost (D:8)
  4 ice beasts
  3 sky beasts
  5 orc warriors
  A black bear (D:11)
  A phantom (D:10)
  5 ogres
  5 centaurs
  A crocodile (D:8)
  A big kobold (D:10)
  6 bullfrogs
  A gnoll sergeant (D:10)
  3 scorpions
  6 killer bees
  5 wights (D:9)
  3 howler monkeys
  6 crimson imps
  A bullfrog zombie (D:10)
  4 orc priests
  3 centaur skeletons
  4 hounds
  5 jellies
  3 bullfrog skeletons
  10 orc wizards
  10 worker ants
  4 worker ant zombies
  6 gnolls
  2 howler monkey skeletons
  9 adders
  A shadow imp (D:9)
  An ooze (D:3)
  3 adder skeletons
  A worm (D:3)
  A dart slug (D:1)
  11 leopard geckos
  35 orcs
  9 bats
  9 giant cockroaches
  9 goblins
  6 hobgoblins
  8 jackals
  4 frilled lizards
  A giant cockroach zombie (D:5)
  11 kobolds
  A quokka zombie (D:6)
  7 rats
257 creatures vanquished.

Vanquished Creatures (collateral kills)
  An ogre (D:8)
  A phantom (D:5)
  A jelly (D:5)
  An orc priest (D:5)
  An adder (D:3)
  A worm (D:3)
  An orc (D:8)
7 creatures vanquished.

Vanquished Creatures (others)
  A fungus (D:11)
  A plant (D:11)
2 creatures vanquished.

Grand Total: 266 creatures vanquished

Notes
Turn   | Place    | Note
-------+----------+-------------------------------------------
     0 | D:1      | HAL9000 the Draconian Transmuter began the quest for the
                  | Orb.
     0 | D:1      | Reached XP level 1. HP: 16/16 MP: 3/3
   119 | D:1      | Reached XP level 2. HP: 20/23 MP: 3/5
   473 | D:2      | Learned a level 2 spell: Sticks to Snakes
   485 | D:2      | Reached XP level 3. HP: 25/28 MP: 6/6
   490 | D:2      | Learned a level 3 spell: Spider Form
   935 | D:2      | Reached skill level 3 in Transmutations
  1375 | D:3      | Reached XP level 4. HP: 21/35 MP: 3/7
  1388 | D:3      | Reached skill level 4 in Transmutations
  1910 | D:3      | Reached XP level 5. HP: 29/40 MP: 1/8
  2116 | D:3      | Found a snail-covered altar of Cheibriados.
  2230 | D:3      | Reached skill level 5 in Transmutations
  2781 | D:4      | Noticed Sigmund
  2791 | D:4      | Killed Sigmund
  2791 | D:4      | Reached skill level 6 in Transmutations
  2791 | D:4      | Reached XP level 6. HP: 37/47 MP: 0/9
  3023 | D:4      | Reached skill level 7 in Transmutations
  3083 | D:4      | Your scales start taking on a rich purple colour.
  3083 | D:4      | Reached XP level 7. HP: 52/52 MP: 6/10
  3655 | D:4      | Got a flickering graven amulet
  3706 | D:4      | Identified the amulet "Antytan" {Faith +Inv rN+ MP+9 Dex+4}
                  | (You found it on level 4 of the Dungeon)
  3839 | D:5      | Entered Level 5 of the Dungeon
  3863 | D:5      | Reached skill level 8 in Transmutations
  4612 | D:5      | Reached skill level 9 in Transmutations
  4681 | D:5      | Reached XP level 8. HP: 19/59 MP: 11/11
  4704 | D:4      | Learned a level 5 spell: Blade Hands
  5621 | D:5      | Reached skill level 10 in Transmutations
  5873 | D:5      | Found a shimmering altar of Xom.
  5873 | D:5      | Found a glowing golden altar of the Shining One.
  5880 | D:5      | Found a faded altar of an unknown god.
  5882 | D:5      | Found an iron altar of Okawaru.
  5884 | D:5      | Found a faded altar of an unknown god.
  6593 | D:6      | HP: 1/59 [centaur/arrow (4)]
  7422 | D:5      | Reached skill level 11 in Transmutations
  7707 | D:6      | Found a staircase to the Ecumenical Temple.
  7716 | Temple   | Entered the Ecumenical Temple
  8040 | Temple   | Became a worshipper of Ru the Awakened
  8138 | D:6      | Reached XP level 9. HP: 48/64 MP: 12/12
  8613 | D:6      | Reached skill level 5 in Unarmed Combat
  9484 | D:6      | Found a sparkling altar of Nemelex Xobeh.
 10845 | D:8      | Noticed Psyche
 10859 | D:8      | Killed Psyche
 10865 | D:7      | Reached XP level 10. HP: 70/78 MP: 17/17
 10923 | D:8      | Gained mutation: You cannot drink potions while threatened.
                  | [Ru sacrifice]
 10923 | D:8      | Reached * piety under Ru
 10968 | D:8      | Reached skill level 5 in Spellcasting
 10998 | D:8      | Learned a level 2 spell: Shroud of Golubria
 11002 | D:8      | Learned a level 3 spell: Regeneration
 11006 | D:8      | Learned a level 3 spell: Tukima's Dance
 11187 | D:8      | Noticed a green ugly thing
 11199 | D:8      | Killed a green ugly thing
 11288 | D:8      | Got an encrusted hunting sling
 11289 | D:8      | Identified the +4 hunting sling of Internal Strife {freeze,
                  | *Slow Int+4 Dex+3} (You found it on level 8 of the Dungeon)
 11687 | D:9      | Reached skill level 5 in Charms
 12278 | D:9      | Found a deep blue altar of Sif Muna.
 12343 | D:9      | You fall into a shaft and drop 1 floor!
 12343 | D:10     | Entered Level 10 of the Dungeon
 12349 | D:10     | Noticed Maurice
 12391 | D:10     | Killed Maurice
 12472 | D:9      | Noticed a two-headed ogre
 12504 | D:9      | Killed a two-headed ogre
 12906 | D:9      | Reached skill level 1 in Hexes
 13086 | D:10     | Reached XP level 11. HP: 77/84 MP: 18/18
 13727 | D:11     | Reached skill level 5 in Hexes
 13730 | D:11     | Found a runed translucent gate.
 14002 | D:11     | Found a runed translucent gate.
 14002 | D:11     | Found a runed translucent gate.
 14002 | D:11     | Noticed HAL9000's ghost (journeyman VSAs)
 14055 | D:11     | Found a frozen archway.
 14084 | IceCv    | Entered an ice cave
 14108 | IceCv    | HP: 4/84 [ice devil (16)]
 14112 | D:11     | Slain by an ice devil

Levels and vault maps discovered:
D:1:      dpeg_arrival_water_altar, layout_rooms
D:2:      minmay_inner_zag, layout_loops_cross
D:3:      layout_basic, cheibriados_altar_1
D:4:      layout_loops_cross, first_ration, nicolae_zen_rock_garden,
          uniq_sigmund
D:5:      layout_rooms, chequers_temple_overflow_minitemple,
          minmay_misc_feat_four_crosses, ldierk_geyser, hex_large
D:6:      lemuel_ice_spiral_2, layout_basic, minmay_temple_entry_antechambers,
          nemelex_lonely_heart_becter
D:7:      layout_loops_ring, mrwooster_statue_mirror, hex_medium
D:8:      minmay_ornate_pinched, layout_basic, uniq_psyche
D:9:      layout_basic, marbit_many_paths
D:10:     layout_small_grid, uniq_maurice
D:11:     layout_basic, grunt_lair_entry_orc_guard_hut,
          gammafunk_ghost_nasty_kobolds, portal_ice_cave_rime,
          hangedman_little_slice_of_home, okawaru_humans, uniq_erolcha,
          uniq_urug, uniq_erica, uniq_fannar, uniq_snorg
Temple:   minmay_temple_bridge_d

Skill      XL: |  1  2  3  4  5  6  7  8  9 10 11 |
---------------+----------------------------------+-----
Unarmed Combat | 4 7 |  7.1
Transmutations | 3 4 6 7 9 11 | 11.6
Fighting       | 4 |  4.1
Spellcasting   | 4 5 |  5.1
Charms         | 9 |  9.3
Hexes          | 2 7 |  7.2
Dodging        | |  1.7

Action                   |  1- 3 |  4- 6 |  7- 9 | 10-12 || total
-------------------------+-------+-------+-------+-------++-------
Melee: Unarmed           |   116 |   150 |   426 |   214 ||   906
       Tailslap          |     8 |    16 |    47 |    27 ||    98
       Kick              |     9 |     1 |     5 |       ||    15
       Punch             |     3 |     3 |     6 |     6 ||    18
       Headbutt          |     3 |     1 |       |       ||     4
 Cast: Beastly Appendage |    11 |     4 |     2 |       ||    17
       Spider Form       |     1 |     5 |    15 |       ||    21
       Sticks to Snakes  |       |     8 |    14 |     8 ||    30
       Blade Hands       |       |       |    25 |    27 ||    52
       Regeneration      |       |       |       |     1 ||     1
Invok: Sacrifice Drink   |       |       |       |     1 ||     1
 Abil: End Transformatio |       |       |     4 |     3 ||     7
       Breathe Dispellin |       |       |     2 |     2 ||     4
  Use: Scroll            |       |       |    16 |     2 ||    18
 Stab: Sleeping          |     5 |     1 |     7 |       ||    13
       Distracted        |       |       |     3 |     2 ||     5
  Eat: Chunk             |     2 |     6 |    21 |    11 ||    40
       Ration            |       |       |     5 |     3 ||     8
Armor: Skin              |    31 |    31 |   134 |    71 ||   267
Dodge: Dodged            |    80 |   101 |   290 |   122 ||   593

Table legend:
 A = Non-vault XP
 B = Vault XP
 C = Vault XP percentage of total XP
 D = Non-vault monster count
 E = Vault monster count
 F = Vault count percentage of total count
                 A         B        C        D         E       F
            +---------+---------+-------+---------+---------+-------
      Total |   12362 |    2603 |  17.4 |     245 |      19 |   7.2
            +---------+---------+-------+---------+---------+-------
        D:1 |      31 |       0 |   0.0 |      19 |       0 |   0.0
        D:2 |      34 |       9 |  20.9 |      13 |       5 |  27.8
        D:3 |     194 |       0 |   0.0 |      36 |       0 |   0.0
        D:4 |     547 |     173 |  24.0 |      22 |       1 |   4.3
        D:5 |    1515 |       0 |   0.0 |      39 |       0 |   0.0
        D:6 |    1381 |       0 |   0.0 |      30 |       0 |   0.0
        D:7 |     323 |      45 |  12.2 |       8 |       1 |  11.1
        D:8 |    1224 |     775 |  38.8 |      16 |       7 |  30.4
        D:9 |    3668 |      61 |   1.6 |      26 |       1 |   3.7
       D:10 |    2523 |     433 |  14.6 |      32 |       1 |   3.0
       D:11 |     922 |    1107 |  54.6 |       4 |       3 |  42.9
            +---------+---------+-------+---------+---------+-------
